 Dungeon Crawl Stone Soup version 0.29.1-2-gbd0b4ee654 (webtiles) character file.

Game seed: 16264984927696712466

7359 DemonSlayer the Thaumaturge (level 10, -8/68 HPs)
             Began as a Demonspawn Fire Elementalist on Nov 24, 2022.
             Was a Priest of Vehumet.
             Killed from afar by an efreet (24 damage)
             ... with a bolt of fire
             ... on level 10 of the Dungeon.
             The game lasted 00:43:46 (13989 turns).

DemonSlayer the Thaumaturge (DsFE)                 Turns: 13989, Time: 00:43:47

Health: -8/68      AC:  8    Str: 13    XL:     10   Next: 91%
Magic:  0/23       EV: 17    Int: 17    God:    Vehumet [***...]
Gold:   625        SH:  0    Dex: 13    Spells: 7/27 levels left

rFire   . . .      SeeInvis .   f - +0 arbalest
rCold   . . .      Faith    .   (shield currently unavailable)
rNeg    . . .      Spirit   +   a - +0 steam dragon scales
rPois   .          Reflect  .   (helmet restricted)
rElec   .          Harm     .   (no cloak)
rCorr   .          Rampage  .   w - +1 pair of gloves
Will    .....                   (no boots)
Stlth   ++........              e - amulet of guardian spirit
HPRegen 0.21/turn               k - +4 ring of evasion
MPRegen 0.18/turn               n - ring of wizardry

@: studying Necromancy
A: horns 1, foul stench 3, spiny 1, sharp scales 1
a: Renounce Religion


You were on level 10 of the Dungeon.
You worshipped Vehumet.
Vehumet was most pleased with you.
You visited 1 branch of the dungeon, and saw 11 of its levels.

You collected 625 gold pieces.

Inventory:

Hand Weapons
 b - a +3 halberd of freezing
 f - a +0 arbalest (weapon)
Missiles
 I - 3 curare-tipped darts
Armour
 a - +0 steam dragon scales (worn)
 w - a +1 pair of gloves (worn)
Jewellery
 e - an amulet of guardian spirit (around neck)
 k - a +4 ring of evasion (left hand)
 m - a ring of fire
 n - a ring of wizardry (right hand)
 r - a ring of flight
 E - a ring of see invisible
Wands
 y - a wand of paralysis (6)
 D - a wand of flame (26)
Scrolls
 d - 2 scrolls of identify
 g - a scroll of fear
 h - a scroll of enchant weapon {unknown}
 j - a scroll of blinking
 l - 3 scrolls of teleportation
 v - a scroll of torment {unknown}
Potions
 c - 2 potions of mutation
 i - 4 potions of might
 o - 2 potions of curing
 p - a potion of cancellation
 q - 2 potions of brilliance
 s - 4 potions of lignification
 t - a potion of haste
 u - 2 potions of attraction
 A - 2 potions of resistance {unknown}
 B - 4 potions of heal wounds {unknown}
 G - 2 potions of degeneration {unknown}


   Skills:
 + Level 2.7 Fighting
 + Level 1.3 Maces & Flails
 + Level 2.3 Polearms
 + Level 3.3 Ranged Weapons
 + Level 0.9 Throwing
 + Level 2.4 Armour
 + Level 3.8 Dodging
 + Level 3.8 Stealth
 + Level 9.3 Spellcasting
 + Level 4.9 Conjurations
 + Level 0.4 Hexes
 + Level 0.3 Summonings
 + Level 9.0 Fire Magic
 + Level 1.0 Evocations


You had 7 spell levels left.
You knew the following spells:

 Your Spells              Type           Power      Damage    Failure   Level
a - Foxfire               Conj/Fire      100%       2x1d9     1%          1
b - Scorch                Fire           76%        2d9       1%          2
c - Conjure Flame         Conj/Fire      31%        6-21      1%          3
d - Flame Wave            Conj/Fire      31%        2d9       1%          4
e - Summon Guardian Gole  Hex/Summ       9%         N/A       10%         3
f - Call Canine Familiar  Summ           9%         N/A       10%         3
g - Petrify               Tmut/Erth      7%         N/A       32%         4

Your spell library contained the following spells:

 Spells                   Type           Power      Damage    Failure   Level
 Poisonous Vapours        Pois/Air       14%        N/A       1%          2
 Inner Flame              Hex/Fire       23%        N/A       1%          3
 Summon Small Mammal      Summ           36%        N/A       3%          1
 Sublimation of Blood     Necr           7%         N/A       6%          2
 Irradiate                Conj/Tmut      8%         3d14      11%         5
 Malign Gateway           Summ/Tloc      4%         N/A       100%        7
 Summon Horrible Things   Summ           4%         N/A       100%        8


Dungeon Overview and Level Annotations

Branches:
Dungeon (11/15)            Temple (0/1) D:7
   Lair: D:8-11         Orc: D:9-12

Altars:
Dithmenos
Gozag
Hepliaklqana
Nemelex Xobeh
Sif Muna
Vehumet

Shops:
D:8 [

Annotations:
D:10 3 runed translucent doors, zeram's ghost, journeyman GnFi


Innate Abilities, Weirdness & Mutations

You have a pair of small horns on your head.
You frequently emit foul miasma when damaged in melee.
You are partially covered in sharp spines.
You are partially covered in razor-sharp scales. (AC +1, Slay +1)


Message History

No target in view!
No target in view!
No target in view!
An efreet is nearby!
An efreet is nearby!
You shoot a bolt. The bolt barely misses the efreet.
You shoot a bolt. The bolt hits the efreet.
The efreet is lightly wounded.
The efreet gestures at you.
The fireball explodes!
The fireball engulfs you!!
You shoot a bolt.
The bolt hits the efreet but does no damage.
The efreet is lightly wounded.
The efreet closely misses you.
An efreet is nearby!
Flames lash the efreet.
The efreet completely resists.
The efreet hits you with a +0 scimitar of flaming.
The efreet burns you.
You emit a cloud of foul miasma!
You throw a curare-tipped dart. The curare-tipped dart hits the efreet.
The efreet is lightly wounded.
The efreet hits you with a +0 scimitar of flaming!
The efreet burns you.
You throw a curare-tipped dart. The curare-tipped dart hits the efreet.
The efreet is lightly wounded.
The efreet hits you with a +0 scimitar of flaming!
The efreet burns you.
You are too injured to fight recklessly!
Casting: Scorch (safe; 1% risk of failure)
Confirm with . or Enter, or press ? or * to list all spells.
A guardian golem appears, shielding your allies.
The efreet gestures at you.
The fireball explodes!
The fireball engulfs you!!
* * * LOW HITPOINT WARNING * * *
The fireball engulfs your guardian golem.
Your guardian golem resists.
The fireball engulfs the efreet.
The efreet completely resists.
You swap places.
The efreet gestures at you. The bolt of fire hits you!!
You die...

..............#.....
..)...........##...#
..............##⌠.⌠#
..............##...#
####..........##⌠.⌠#
o8∩##..######## ...#
.$.$#..##########R.##
$$$$+..##.....)..9..#
$8o.+...#.......@...#
...W+...#...........#
$.oD#...#...........#
.8.##...#...........#
####....#...........#
#.................#
#.....#...........#
#.....###.##..##.##
#.....# #....## .#


You could see an efreet (ally target) and a friendly guardian golem (summoned).

Vanquished Creatures
  A two-headed ogre (D:8)
  A manticore (D:9)
  A cyclops (D:11)
  2 kobold demonologists (D:11)
  A hornet (D:9)
  2 trolls
  A wyvern (D:9)
  Edmund (D:5)
  A steam dragon (D:9)
  An acid dragon (D:10)
  4 water moccasins
  A black bear (D:4)
  An ice beast (D:6)
  3 orc warriors
  6 ogres
  3 centaurs
  2 kobold brigands
  4 gnoll sergeants
  A necrophage (D:7)
  2 scorpions (D:5)
  6 wights
  4 killer bees (D:9)
  An electric eel (D:11)
  3 howler monkeys
  3 jellies
  5 hounds
  5 orc priests
  Jessica (D:2)
  An iguana (D:5)
  9 orc wizards
  23 gnolls
  11 adders
  A shadow imp (D:5)
  7 white imps
  3 ufetubi
  2 worms
  2 dart slugs
  53 orcs
  2 ball pythons
  7 endoplasms
  2 giant cockroaches
  5 goblins
  7 hobgoblins
  5 quokkas
  4 bats
  3 frilled lizards
  21 kobolds
  A rat (D:3)
236 creatures vanquished.

Vanquished Creatures (collateral kills)
  An orc (D:10)
1 creature vanquished.

Vanquished Creatures (others)
  An acid dragon (D:8)
  2 orc warriors
  A gnoll sergeant (D:10)
  An orc priest (D:10)
  2 orcs
  562 foxfires
569 creatures vanquished.

Grand Total: 806 creatures vanquished

Notes
Turn   | Place    | Note
-------+----------+-------------------------------------------
     0 | D:1      | DemonSlayer the Demonspawn Fire Elementalist began the
                  | quest for the Orb.
     0 | D:1      | Reached XP level 1. HP: 13/13 MP: 3/3
   126 | D:1      | You fall into a shaft and drop 1 floor!
   207 | D:2      | Gained mutation: You may rarely emit foul miasma when
                  | damaged in melee. [demonic ancestry]
   207 | D:2      | Reached XP level 2. HP: 4/19 MP: 3/5
   604 | D:2      | Noticed Jessica
   609 | D:2      | Killed Jessica
   610 | D:2      | Reached XP level 3. HP: 24/24 MP: 0/6
   792 | D:2      | Learned a level 2 spell: Scorch
   796 | D:2      | Learned a level 3 spell: Conjure Flame
  1292 | D:2      | Gained mutation: You are partially covered in sharp spines.
                  | [demonic ancestry]
  1292 | D:2      | Reached XP level 4. HP: 30/30 MP: 3/7
  2439 | D:3      | Gained mutation: You sometimes emit foul miasma when
                  | damaged in melee. [demonic ancestry]
  2439 | D:3      | Reached XP level 5. HP: 20/35 MP: 1/9
  2956 | D:3      | Found a faded altar of an unknown god.
  3350 | D:4      | Reached skill level 1 in Maces & Flails
  3681 | D:4      | Noticed an ogre
  3686 | D:4      | Noticed a black bear
  3689 | D:4      | Killed an ogre
  3690 | D:4      | Gained mutation: You frequently emit foul miasma when
                  | damaged in melee. [demonic ancestry]
  3690 | D:4      | Reached XP level 6. HP: 42/42 MP: 2/11
  3896 | D:4      | Learned a level 4 spell: Flame Wave
  3899 | D:5      | Entered Level 5 of the Dungeon
  3911 | D:5      | Gained mutation: You are partially covered in razor-sharp
                  | scales. (AC +1, Slay +1) [demonic ancestry]
  3911 | D:5      | Reached XP level 7. HP: 45/47 MP: 6/12
  3915 | D:5      | Reached skill level 1 in Fighting
  4998 | D:5      | Learned a level 3 spell: Summon Guardian Golem
  5102 | D:5      | Reached skill level 5 in Fire Magic
  5208 | D:5      | Noticed Edmund
  5224 | D:5      | Killed Edmund
  5225 | D:5      | Reached skill level 5 in Spellcasting
  5330 | D:5      | Reached XP level 8. HP: 50/54 MP: 10/15
  5411 | D:5      | Found a hazy altar of Hepliaklqana.
  5412 | D:5      | Found a shimmering blue altar of Sif Muna.
  5413 | D:5      | Found a radiant altar of Vehumet.
  5413 | D:5      | Found a sparkling altar of Nemelex Xobeh.
  5685 | D:5      | Learned a level 3 spell: Call Canine Familiar
  6721 | D:5      | Became a worshipper of Vehumet
  6879 | D:6      | Found a shadowy altar of Dithmenos.
  7493 | D:6      | Learned a level 4 spell: Petrify
  7530 | D:7      | Gained mutation: You have a pair of small horns on your
                  | head. [demonic ancestry]
  7530 | D:7      | Reached XP level 9. HP: 51/59 MP: 14/19
  7950 | D:7      | Found a staircase to the Ecumenical Temple.
  7954 | D:7      | Reached * piety under Vehumet
  7954 | D:7      | Offered knowledge of Freeze by Vehumet.
  9039 | D:7      | Reached skill level 1 in Polearms
  9579 | D:8      | Noticed a two-headed ogre
  9586 | D:8      | Killed a two-headed ogre
  9587 | D:8      | Reached skill level 1 in Armour
 10294 | D:8      | Identified the +3 long sword of Qext {pain, rPois Dex+2}
 10585 | D:8      | Found Yahweh's Dragon-Slaying Spoils.
 10887 | D:9      | Noticed a manticore
 10895 | D:9      | Killed a manticore
 10896 | D:9      | Reached XP level 10. HP: 65/65 MP: 16/22
 11436 | D:9      | Noticed a wizard
 11443 | D:9      | Noticed a cyan ugly thing
 11444 | D:9      | Noticed a deep elf pyromancer
 11972 | D:9      | Reached ** piety under Vehumet
 12034 | D:9      | Reached skill level 1 in Ranged Weapons
 12075 | D:9      | Offered knowledge of Magic Dart by Vehumet.
 12205 | D:9      | Noticed a deep elf pyromancer
 12212 | D:9      | Identified the ring "Vokioly" {*Corrode rElec rF+ rN+
                  | Dex+6}
 12212 | D:9      | Noticed a deep elf zephyrmancer
 12226 | D:9      | Noticed an orc sorcerer
 12853 | D:9      | Noticed a two-headed ogre
 12960 | D:8      | You fall into a shaft and drop 3 floors!
 12966 | D:11     | Noticed a cyclops
 12975 | D:11     | Killed a cyclops
 13000 | D:11     | Noticed a sun demon
 13003 | D:11     | Reached skill level 1 in Evocations
 13054 | D:11     | Noticed a skeletal warrior
 13056 | D:11     | Noticed a skeletal warrior
 13059 | D:11     | Noticed a skeletal warrior
 13070 | D:10     | Entered Level 10 of the Dungeon
 13837 | D:10     | Offered knowledge of Poisonous Vapours by Vehumet.
 13951 | D:10     | Found a runed translucent gate.
 13952 | D:10     | Found a runed translucent gate.
 13952 | D:10     | Found an opulent altar of Gozag.
 13953 | D:10     | Found a runed translucent gate.
 13954 | D:10     | Noticed an eight-headed hydra
 13955 | D:10     | Noticed zeram's ghost (journeyman GnFi)
 13969 | D:10     | Reached *** piety under Vehumet
 13989 | D:10     | Killed from afar by an efreet

Illustrated notes

Levels and vault maps discovered:
D:1:      dpeg_arrival_rooms_with_view, layout_rooms, minmay_indecisive_spiral
D:2:      layout_rooms, uniq_jessica
D:3:      layout_rooms, shapermc_ecumenical_altar_starsandcircs,
          dreamdust_wishing_well, minivault_24
D:4:      layout_basic, hex_tiny
D:5:      layout_cave_pools, mainiacjoe_overflow_alcove_3,
          minmay_fractal_squares_5, uniq_edmund
D:6:      layout_cave_pools, nicolae_dithmenos_the_darkroom
D:7:      layout_gridville, minmay_temple_entry_slanted, st_stairs_6,
          minivault_19
D:8:      layout_basic, nicolae_shop_dragon_depot
D:9:      minmay_the_grid_4x2 [minmay_the_grid_rooms, minmay_the_grid_tri_star,
          minmay_the_grid_medium_cups, minmay_the_grid_holed_spiral,
          minmay_the_grid_square_x, minmay_the_grid_paths,
          minmay_the_grid_small_cups, minmay_the_grid_prize_trominoes],
          layout_irregular_city
D:10:     layout_basic, special_room [special_room_orc], ebering_ghost_gozag,
          small_chamber_with_monster
D:11:     layout_cross, erik_lair_dragon, serial_park, serial_park_avenue1,
          serial_park_fountain

Skill      XL: |  1  2  3  4  5  6  7  8  9 10 |
---------------+-------------------------------+-----
Stealth        | 2 3 |  3.8
Fire Magic     | 3 4 5 6 8 9 |  9.0
Dodging        | 2 3 |  3.8
Spellcasting   | 3 5 6 8 9 |  9.3
Conjurations   | 2 3 4 |  4.9
Maces & Flails | 1 |  1.3
Fighting       | 1 2 |  2.7
Polearms       | 1 2 |  2.3
Armour         | 2 |  2.4
Ranged Weapons | 3 |  3.3
Evocations     | 1 |  1.0
Throwing       | |  0.9
Hexes          | |  0.4
Summonings     | |  0.3

Action                   |  1- 3 |  4- 6 |  7- 9 | 10-12 || total
-------------------------+-------+-------+-------+-------++-------
Melee: Flail             |    12 |    37 |       |       ||    49
       Dagger            |     2 |       |       |       ||     2
       Short sword       |       |     3 |    22 |       ||    25
       Spear             |       |       |    15 |       ||    15
       Punch             |       |       |     3 |       ||     3
       Halberd           |       |       |    27 |    19 ||    46
       Headbutt          |       |       |     5 |     6 ||    11
       Arbalest          |       |       |       |     2 ||     2
 Fire: Arbalest          |       |       |       |    90 ||    90
Throw: Dart              |       |       |     4 |     2 ||     6
       Throwing net      |       |       |     1 |       ||     1
 Cast: Foxfire           |    52 |   122 |   143 |    15 ||   332
       Flame Wave        |       |     2 |     3 |     3 ||     8
       Scorch            |       |       |    82 |    48 ||   130
       Summon Guardian G |       |       |     3 |     4 ||     7
       Call Canine Famil |       |       |     1 |     1 ||     2
Evoke: Wand              |       |       |       |     8 ||     8
  Use: Potion            |     1 |     1 |     2 |     9 ||    13
       Scroll            |       |     6 |    13 |     5 ||    24
 Stab: Sleeping          |     1 |     5 |       |       ||     6
Armor: Robe              |     8 |     3 |    19 |       ||    30
       Leather armour    |       |       |     1 |     5 ||     6
       Steam dragon scal |       |       |       |    14 ||    14
Dodge: Dodged            |    19 |    46 |    91 |    92 ||   248
